 Dungeon Crawl Stone Soup version 0.28-a0-604-g249bb1af34 (webtiles) character file.

Game seed: 11977867946346383733

241 Gargoyl the Skirmisher (level 6, -3/53 HPs)
             Began as a Gnoll Abyssal Knight on Oct 5, 2021.
             Was a Believer of Lugonu.
             Slain by a kobold brigand (14 damage)
             ... on level 3 of the Dungeon.
             The game lasted 00:03:42 (3792 turns).

Gargoyl the Skirmisher (Gnoll Abyssal Knight)       Turns: 3792, Time: 00:03:43

Health: -3/53      AC:  9    Str: 14    XL:     6   Next: 8%
Magic:  9/9        EV:  4    Int:  9    God:    Lugonu [**....]
Gold:   58         SH:  9    Dex: 13    Spells: 8/8 levels left

rFire   . . .      SeeInvis .   a - +1 hand axe
rCold   . . .      Faith    .   e - +1 kite shield
rNeg    . . .      Spirit   .   c - +0 chain mail
rPois   .          Reflect  .   (no helmet)
rElec   .          Harm     .   j - scarf {repulsion}
rCorr   .          Rampage  .   (no gloves)
Will    .....                   (no boots)
Stlth   ..........              (no amulet)
HPRegen 0.17/turn               (no ring)
MPRegen 0.11/turn               (no ring)

@: repel missiles
A: fangs 1, strong nose, distributed training
a: Renounce Religion, Depart the Abyss, Bend Space


You were on level 3 of the Dungeon.
You worshipped Lugonu.
Lugonu was pleased with you.
You visited 1 branch of the dungeon, and saw 3 of its levels.
You visited the Abyss 1 time.

You collected 58 gold pieces.

Inventory:

Hand Weapons
 a - a +1 hand axe (weapon)
Armour
 c - a +0 chain mail (worn)
 e - a +1 kite shield (worn)
 j - a scarf of repulsion (worn)
Scrolls
 b - a scroll of noise {unknown}
 f - a scroll of enchant armour
 g - a scroll of fear {unknown}
 h - a scroll of amnesia {unknown}
 i - a scroll of identify


   Skills:
 + Level 6.8 Fighting
 + Level 1.8 Short Blades
 + Level 1.8 Long Blades
 + Level 4.9 Axes
 + Level 1.8 Maces & Flails
 + Level 1.8 Polearms
 + Level 1.8 Staves
 + Level 1.8 Slings
 + Level 1.8 Bows
 + Level 1.8 Crossbows
 + Level 1.8 Throwing
 + Level 4.9 Armour
 + Level 3.1 Dodging
 + Level 1.8 Stealth
 + Level 1.8 Shields
 + Level 1.8 Unarmed Combat
 + Level 1.8 Spellcasting
 + Level 1.4 Conjurations
 + Level 1.4 Hexes
 + Level 1.4 Summonings
 + Level 1.4 Necromancy
 + Level 1.4 Translocations
 + Level 1.4 Transmutations
 + Level 1.4 Fire Magic
 + Level 1.4 Ice Magic
 + Level 1.4 Air Magic
 + Level 1.4 Earth Magic
 + Level 1.4 Poison Magic
 + Level 5.0 Invocations
 + Level 1.8 Evocations


You had 8 spell levels left.
You didn't know any spells.
Your spell library contained the following spells:

 Spells                   Type           Power      Damage    Failure   Level
 Beastly Appendage        Tmut           6%         N/A       100%        1
 Wereblood                Tmut           3%         N/A       100%        2
 Spider Form              Tmut/Pois      1%         N/A       100%        3


Dungeon Overview and Level Annotations

Branches:
Dungeon (3/15)

Altars:

Annotations:
D:3 Johnny's ghost, amateur DrIE


Innate Abilities, Weirdness & Mutations

You have very sharp teeth.
Your uncanny sense of smell can sniff out nearby items.
Your experience applies equally to all skills.


Message History

The kobold hits you but does no damage.
You closely miss the kobold. You hit the kobold brigand.
You block the kobold's attack.
The kobold brigand hits you but does no damage.
You are electrocuted!
You block the kobold's attack.
You closely miss the kobold. Your bite misses the kobold.
You closely miss the kobold brigand. You closely miss the kobold brigand.
The kobold brigand is lightly wounded.
Your shield prevents you from hitting the kobold.
The kobold hits you with a +0 whip.
The kobold brigand hits you but does no damage.
You hit the kobold brigand.
The kobold brigand is moderately wounded.
You block the kobold brigand's attack.
You hit the kobold brigand.
The kobold brigand is moderately wounded.
The kobold brigand hits you but does no damage.
You are electrocuted!
The kobold brigand hits you with a +2 dagger of electrocution.
You are electrocuted!
* * * LOW HITPOINT WARNING * * *
It was a potion of heal wounds.
You feel much better.
The kobold brigand hits you but does no damage.
You are electrocuted!
You miss the kobold brigand.
The kobold brigand is moderately wounded.
The kobold brigand hits you with a +2 dagger of electrocution.
You are electrocuted!!
* * * LOW HITPOINT WARNING * * *
You barely miss the kobold brigand.
The kobold brigand is moderately wounded.
The kobold brigand barely misses you.
You hit the kobold brigand but do no damage.
The kobold brigand is moderately wounded.
You block the kobold brigand's attack.
The kobold brigand hits you with a +2 dagger of electrocution.
* * * LOW HITPOINT WARNING * * *
You are electrocuted!
You die...

#.# ##...........
#.# #......######
#.#######....#
#.##.........#
#.......#.#..#
####.##..†...#
##.####.#.##
#####.........#
#.⌠K##@####......#
#.#.#W#K# ###.####
∆ #.KKK# ...
[....KKKK .#.#
...#..'... .#...
#.#.#.#.... .#
##$⌠.##.##.#
#####..# .. ...#
##


You could see a kobold brigand, Johnny's ghost and 8 kobolds.

Vanquished Creatures
  3 orc priests
  Terence (D:2)
  A gnoll (D:1)
  4 adders (D:2)
  2 worms (D:2)
  4 dart slugs
  7 orcs
  3 ball pythons
  4 bats
  5 endoplasms
  4 goblins
  5 hobgoblins
  2 jackals (D:1)
  9 kobolds
  4 quokkas
  2 frilled lizards (D:1)
  6 rats
66 creatures vanquished.

Notes
Turn   | Place    | Note
-------+----------+-------------------------------------------
     0 | Abyss:1  | Gargoyl the Gnoll Abyssal Knight began the quest for the
                  | Orb.
     0 | Abyss:1  | Reached XP level 1. HP: 23/23 MP: 3/3
    18 | Abyss:2  | Found a corrupted altar of Lugonu.
    21 | Abyss:2  | Noticed a chaos spawn
    29 | D:1      | Escaped the Abyss
   254 | D:1      | Reached * piety under Lugonu
   255 | D:1      | Reached XP level 2. HP: 29/29 MP: 5/5
   478 | D:1      | Found Qumerol's Magic Scroll Shoppe.
   595 | D:1      | Reached XP level 3. HP: 11/35 MP: 6/6
  1532 | D:2      | Reached skill level 1 in Short Blades
  1532 | D:2      | Reached skill level 1 in Long Blades
  1532 | D:2      | Reached skill level 1 in Maces & Flails
  1532 | D:2      | Reached skill level 1 in Polearms
  1532 | D:2      | Reached skill level 1 in Staves
  1532 | D:2      | Reached skill level 1 in Slings
  1532 | D:2      | Reached skill level 1 in Bows
  1532 | D:2      | Reached skill level 1 in Crossbows
  1532 | D:2      | Reached skill level 1 in Throwing
  1532 | D:2      | Reached skill level 1 in Stealth
  1532 | D:2      | Reached skill level 1 in Shields
  1532 | D:2      | Reached skill level 1 in Unarmed Combat
  1532 | D:2      | Reached skill level 1 in Spellcasting
  1532 | D:2      | Reached skill level 1 in Evocations
  1532 | D:2      | Reached XP level 4. HP: 41/41 MP: 7/7
  1541 | D:2      | Noticed Terence
  1557 | D:2      | Killed Terence
  1842 | D:2      | Reached skill level 1 in Conjurations
  1842 | D:2      | Reached skill level 1 in Hexes
  1842 | D:2      | Reached skill level 1 in Summonings
  1842 | D:2      | Reached skill level 1 in Necromancy
  1842 | D:2      | Reached skill level 1 in Translocations
  1842 | D:2      | Reached skill level 1 in Transmutations
  1842 | D:2      | Reached skill level 1 in Fire Magic
  1842 | D:2      | Reached skill level 1 in Ice Magic
  1842 | D:2      | Reached skill level 1 in Air Magic
  1842 | D:2      | Reached skill level 1 in Earth Magic
  1842 | D:2      | Reached skill level 1 in Poison Magic
  2110 | D:2      | Reached XP level 5. HP: 47/47 MP: 8/8
  3591 | D:3      | Reached skill level 5 in Invocations
  3591 | D:3      | Reached XP level 6. HP: 40/53 MP: 9/9
  3698 | D:3      | Reached ** piety under Lugonu
  3762 | D:3      | Found a runed translucent gate.
  3762 | D:3      | Found a runed translucent gate.
  3762 | D:3      | Noticed Johnny's ghost (amateur DrIE)
  3777 | D:3      | Found a runed translucent gate.
  3792 | D:3      | Slain by a kobold brigand

Illustrated notes

Levels and vault maps discovered:
D:1:      lightli_arrival_maybe_door_vault, layout_basic, serial_shops, shop,
          minmay_misc_feat_tower, nrook_loot_triangle,
          chequers_serial_rivers_room_b
D:2:      layout_loops_ring, uniq_terence
D:3:      layout_loops_corners, gammafunk_ghost_nasty_kobolds

Skill      XL: |  1  2  3  4  5 |
---------------+----------------+-----
Short Blades   | 1 |  1.8
Long Blades    | 1 |  1.8
Maces & Flails | 1 |  1.8
Polearms       | 1 |  1.8
Staves         | 1 |  1.8
Slings         | 1 |  1.8
Bows           | 1 |  1.8
Crossbows      | 1 |  1.8
Throwing       | 1 |  1.8
Stealth        | 1 |  1.8
Shields        | 1 |  1.8
Unarmed Combat | 1 |  1.8
Spellcasting   | 1 |  1.8
Evocations     | 1 |  1.8
Conjurations   | 1 |  1.4
Hexes          | 1 |  1.4
Summonings     | 1 |  1.4
Necromancy     | 1 |  1.4
Translocations | 1 |  1.4
Transmutations | 1 |  1.4
Fire Magic     | 1 |  1.4
Ice Magic      | 1 |  1.4
Air Magic      | 1 |  1.4
Earth Magic    | 1 |  1.4
Poison Magic   | 1 |  1.4
Dodging        | 3 |  3.1
Invocations    | 5 |  5.0
Fighting       | |  6.8
Axes           | |  4.9
Armour         | |  4.9

Action                   |  1- 3 |  4- 6 || total
-------------------------+-------+-------++-------
Melee: Hand axe          |    89 |   156 ||   245
       Bite              |     9 |    14 ||    23
Invok: Depart the Abyss  |     1 |       ||     1
  Use: Scroll            |     3 |     1 ||     4
       Potion            |       |     4 ||     4
Armor: Chain mail        |    61 |    87 ||   148
Dodge: Dodged            |     7 |    27 ||    34
Block: Kite shield       |    28 |    71 ||    99

Table legend: (Time is in decaauts)
 A = Elapsed time spent in this place.
 B = Non-inter-level travel time spent in this place.
 C = Inter-level travel time spent in this place.
 D = Time resting spent in this place.
 E = Time spent auto-exploring this place.
 F = Levels seen in this place.
 G = Mean time per level.
                   A        B        C        D        E       F      G
               +--------+--------+--------+--------+--------+-----+--------+
         Total |   3879 |   3810 |     69 |    906 |   2152 |   5 |  775.8 |
       Dungeon |   3851 |   3782 |     69 |    906 |   2140 |   3 | 1283.7 |
         Abyss |     28 |     28 |      0 |      0 |     12 |   2 |   14.0 |
               +--------+--------+--------+--------+--------+-----+--------+

Top non-repeatable levels by time:
     D:2: 2118 daAuts
     D:1: 1274 daAuts
     D:3: 458 daAuts
 Abyss:1: 18 daAuts
 Abyss:2: 10 daAuts
